 Dungeon Crawl Stone Soup version 0.17.0-28-g6e173f8 (webtiles) character file.

13207 4thArraOfDagon the Cleaver (level 11, -11/151 HPs)
             Began as a Minotaur Berserker on Nov 22, 2015.
             Was a Follower of Trog.
             Mangled by a red ugly thing (21 damage)
             ... on level 13 of the Dungeon.
             The game lasted 00:14:04 (2342 turns).

4thArraOfDagon the Cleaver (Minotaur Berserker)     Turns: 2342, Time: 00:14:05

Health: -11/151    AC: 25    Str: 23    XL:     11   Next: 72%
Magic:  14/15      EV:  2    Int:  7    God:    Trog [*.....]
Gold:   176        SH:  0    Dex:  9    Spells: 0 memorised, 10 levels left

rFire  . . .     SeeInvis .     p - +0 battleaxe
rCold  + . .     Clarity  .     (armour currently unavailable)
rNeg   + + +     SustAt   .     (shield currently unavailable)
rPois  +         Gourm    .     (helmet currently unavailable)
rElec  .         Spirit   .     (cloak currently unavailable)
rCorr  .         Warding  .     (gloves currently unavailable)
rMut   .         NoTele   +     (boots currently unavailable)
MR     .....                    (no amulet)
Stlth  +.........               (no ring)
                                t - ring of protection from cold

@: exhausted, tree-form (expiring), slowed, very slow, not resistant to hostile
enchantments, very unstealthy
A: (retaliatory headbutt), (horns 0)
a: Berserk, Burn Spellbooks, Renounce Religion


You were on level 13 of the Dungeon.
You worshipped Trog.
Trog was aware of your devotion.
You were very hungry.
You were a tree.
You visited 1 branch of the dungeon, and saw 14 of its levels.

You collected 176 gold pieces.

Inventory:

Hand Weapons
 a - a +0 hand axe
 p - a +0 battleaxe (weapon)
Armour
 i - a +0 plate armour (melded)
 o - a -1 pair of boots (melded)
 v - a +3 chain mail
Jewellery
 m - the ring "Urpheuss" {+/*Tele MR- Str+4}
   (You found it on level 5 of the Dungeon)

   [ring of teleportation]

   It may teleport you to nearby monsters, and can be evoked to randomly
   teleport.
   It affects your strength (+4).
   It affects your resistance to hostile enchantments.
 t - a ring of protection from cold (left branch)
Wands
 u - a wand of flame (24)
Scrolls
 d - 2 scrolls of magic mapping
 n - a scroll of teleportation
 r - 3 scrolls of remove curse
 s - a scroll of enchant armour {unknown}
 x - a scroll of fear
Potions
 b - a potion of flight {unknown}
 g - a potion of magic
 h - a potion of curing
 l - a potion of might
Books
 j - a book of the Tempests

   Spells                             Type                      Level
   a - Static Discharge               Conjuration/Air              3
   b - Lightning Bolt                 Conjuration/Air              5
   c - Fireball                       Conjuration/Fire             5
   d - Tornado                        Air                          9
   e - Shatter                        Earth                        9
   Trog disapproves of the use of such an item.
 k - the Reference Book on Earthen Execration
   (You found it on level 11 of the Dungeon)

   Spells                             Type                      Level
   a - Confusing Touch                Hexes                        2
   b - Dazzling Spray                 Conjuration/Hexes            3
   c - Gell's Gravitas                Hexes/Translocation          3
   d - Leda's Liquefaction            Hexes/Earth                  4
   e - Lee's Rapid Deconstruction     Earth                        5
   Trog disapproves of the use of such an item.
 w - a book of Power

   Spells                             Type                      Level
   a - Fulminant Prism                Conjuration/Hexes            4
   b - Iskenderun's Mystic Blast      Conjuration                  4
   c - Venom Bolt                     Conjuration/Poison           5
   d - Bolt of Magma                  Conjuration/Fire/Earth       5
   e - Iron Shot                      Conjuration/Earth            6
   f - Orb of Destruction             Conjuration                  7
   g - Spellforged Servitor           Conjuration/Summoning        7
   Trog disapproves of the use of such an item.
Comestibles
 c - 5 bread rations
 f - 2 meat rations
 z - a chunk of flesh


   Skills:
 + Level 10.7 Fighting
 * Level 14.2 Axes
 + Level 10.5 Armour
 - Level 2.1 Dodging
 + Level 7.6 Evocations


You had 10 spell levels left.
You didn't know any spells.

Dungeon Overview and Level Annotations

Branches:
Dungeon (14/15)            Temple (0/1) D:5
   Lair: D:8-11         Orc: D:9-12      Vaults: D:13-14

Altars:
Ashenzari
Cheibriados
Ru

Portals:
Trove: D:13 (give 12 potions of heal wounds)

Annotations:
D:5 TEMPLE
D:11 LAIR


Innate Abilities, Weirdness & Mutations

((You reflexively headbutt those who attack you in melee.))
((You have a pair of horns on your head.))


Message History

You slash the red ugly thing!
The red ugly thing is moderately wounded.
The red ugly thing trunk-slaps you but does no damage. x2
Unknown command.
Unknown command.
Unknown command.
Evoke which item? (* to show all) (? for menu, Esc to quit)
Okay, then.
You slash the red ugly thing!
The red ugly thing is heavily wounded.
The red ugly thing trunk-slaps you but does no damage.
Unknown command.
Unknown command.
You slash the red ugly thing!
The red ugly thing is heavily wounded.
You feel a little less mighty now. The red ugly thing trunk-slaps you.
* * * LOW HITPOINT WARNING * * *
You are engulfed in flames!!
You die...

..# #......#.....#########.....#.
..###......#....##.......##....#.
.#.........#...##..#...#..##...#.
..###......#..##...##.##...##..#.
..##......##.##....#####....##.##
#.##.....##..#.....# ..#.....#..#
........##...#.#####...#####.#...
#.###..##....#..##...).. ##..#...
# #.##.....#..♣u..:# #...#...
#..##....#..##...).. ##..#...
#...##...#.## #...#####.#...
#....##..#.. ..#.....#..# #
#.....##.##.. ####....##.## #.
#......#..##.. ##.##...##..# #.#
#......#...##..#.).#..##...#
...##......#....##.......##....#
...........#.).)[####(####.....#


You could see a red ugly thing.

Vanquished Creatures
  An ogre mage (D:13)
  Erolcha (D:12)
  A centaur warrior (D:13)
  The ghost of 4thArraOfDagon the Cleaver, a novice MiBe of Trog (D:12)
  An unseen horror (D:13)
  An orc knight (D:13)
  A hill giant (D:13)
  A wolf spider (D:13)
  2 ugly things
  2 manticores (D:13)
  A cyclops (D:13)
  A centaur skeleton (D:11)
  2 yaktaurs (D:13)
  A komodo dragon (D:11)
  A troll (D:9)
  A two-headed ogre (D:12)
  A freezing wraith (D:13)
  A slime creature (D:13)
  A trapdoor spider zombie (D:13)
  A basilisk (D:13)
  3 wraiths (D:13)
  A wyvern (D:10)
  5 yaks (D:11)
  2 shadows (D:13)
  3 vampire mosquitoes (D:13)
  A steam dragon (D:11)
  An eye of draining (D:13)
  2 ice beasts
  3 sky beasts
  An ogre (D:6)
  An orc warrior (D:10)
  8 centaurs
  A big kobold (D:12)
  A brain worm (D:13)
  4 giant frogs
  A wyvern zombie (D:13)
  2 killer bees
  3 wights
  2 crimson imps
  A quasit (D:13)
  2 orc priests
  4 iguanas
  5 orc wizards
  3 worker ants
  2 adders
  A worker ant zombie (D:7)
  A worm (D:2)
  15 orcs
  A ball python (D:3)
  A bat (D:2)
  4 giant cockroaches
  A hobgoblin (D:2)
  3 kobolds (D:12)
  2 quokkas
  2 giant geckos
  3 goblins
  A quokka zombie (D:7)
  2 rats
122 creatures vanquished.

Notes
Turn   | Place    | Note
--------------------------------------------------------------
     0 | D:1      | 4thArraOfDagon the Minotaur Berserker began the quest for the Orb.
     0 | D:1      | Reached XP level 1. HP: 19/19 MP: 0/0
   119 | D:2      | Reached XP level 2. HP: 12/27 MP: 1/1
   193 | D:3      | Reached skill level 4 in Axes
   249 | D:5      | Entered Level 5 of the Dungeon
   263 | D:5      | Found a shattered altar of Ashenzari.
   307 | D:5      | Got a scintillating tin ring
   308 | D:5      | Identified the ring "Urpheuss" {+/*Tele MR- Str+4} (You found it on level 5 of the Dungeon)
   313 | D:5      | Noticed a sky beast
   323 | D:5      | Killed a sky beast
   323 | D:5      | Reached skill level 5 in Axes
   323 | D:5      | Reached XP level 3. HP: 34/34 MP: 2/2
   323 | D:5      | Reached XP level 4. HP: 40/41 MP: 3/3
   404 | D:6      | Noticed a giant frog
   408 | D:6      | Killed a giant frog
   408 | D:6      | Reached XP level 5. HP: 47/47 MP: 4/4
   414 | D:6      | Reached skill level 1 in Evocations
   424 | D:6      | Reached ** piety under Trog
   470 | D:6      | Found a sacrificial altar of Ru.
   505 | D:6      | Noticed an ogre
   509 | D:6      | Killed an ogre
   509 | D:6      | Reached skill level 5 in Fighting
   509 | D:6      | Reached skill level 6 in Axes
   509 | D:6      | Reached XP level 6. HP: 56/56 MP: 6/6
   564 | D:6      | Noticed a giant frog
   748 | D:8      | Found a snail-covered altar of Cheibriados.
   769 | D:9      | Noticed a troll
   775 | D:9      | Killed a troll
   775 | D:9      | Reached skill level 7 in Axes
   775 | D:9      | Reached skill level 5 in Armour
   775 | D:9      | Reached XP level 7. HP: 61/61 MP: 7/7
   836 | D:10     | Entered Level 10 of the Dungeon
   878 | D:10     | Noticed a wyvern
   893 | D:10     | Killed a wyvern
   898 | D:10     | Reached skill level 8 in Axes
   919 | D:10     | Reached XP level 8. HP: 46/70 MP: 9/9
  1069 | D:11     | Noticed a komodo dragon
  1079 | D:11     | Killed a komodo dragon
  1079 | D:11     | Reached skill level 9 in Axes
  1111 | D:11     | Noticed a centaur skeleton
  1116 | D:11     | Killed a centaur skeleton
  1124 | D:11     | Identified the Reference Book on Earthen Execration
  1129 | D:11     | Noticed a hill giant
  1145 | D:11     | Reached XP level 9. HP: 51/79 MP: 11/11
  1230 | D:11     | Reached skill level 10 in Axes
  1250 | D:11     | Noticed a centaur zombie
  1310 | D:11     | Noticed a purple ugly thing
  1316 | D:11     | Killed a purple ugly thing
  1316 | D:11     | Reached skill level 5 in Evocations
  1357 | D:10     | You fall through a shaft!
  1412 | D:11     | Reached skill level 11 in Axes
  1434 | D:12     | Reached *** piety under Trog
  1446 | D:11     | Reached XP level 10. HP: 37/90 MP: 11/13
  1521 | D:12     | Noticed Erolcha
  1550 | D:12     | Noticed 4thArraOfDagon's ghost (novice MiBe)
  1557 | D:12     | Killed Erolcha
  1568 | D:12     | Killed 4thArraOfDagon's ghost
  1568 | D:12     | Reached skill level 12 in Axes
  1692 | D:13     | Found a portal to a secret trove of treasure.
  1724 | D:13     | Noticed a cyclops
  1745 | D:13     | Killed a cyclops
  1842 | D:13     | Noticed a manticore
  1860 | D:13     | Killed a manticore
  1899 | D:13     | Noticed a manticore
  1924 | D:13     | Killed a manticore
  1924 | D:13     | Reached skill level 13 in Axes
  1924 | D:13     | Reached XP level 11. HP: 99/99 MP: 15/15
  1993 | D:13     | Killed an unseen horror
  2001 | D:13     | Noticed an ogre mage
  2006 | D:13     | Noticed a wolf spider
  2011 | D:13     | Killed an ogre mage
  2011 | D:13     | Reached skill level 10 in Fighting
  2015 | D:13     | Killed a wolf spider
  2072 | D:13     | Noticed a hill giant
  2076 | D:13     | Noticed a centaur warrior
  2086 | D:13     | Killed a hill giant
  2086 | D:13     | Reached skill level 10 in Armour
  2129 | D:13     | Noticed an orc knight
  2147 | D:13     | Killed an orc knight
  2272 | D:13     | Killed a centaur warrior
  2272 | D:13     | Reached skill level 14 in Axes
  2311 | D:13     | Noticed a red ugly thing
  2320 | D:13     | Noticed a red ugly thing
  2325 | D:13     | HP: 1/101 [red ugly thing (16)]
  2334 | D:13     | Killed a cyan ugly thing
  2342 | D:13     | Mangled by a red ugly thing

Action                   |  1- 3 |  4- 6 |  7- 9 | 10-12 || total
-------------------------+-------+-------+-------+-------++-------
Melee: Hand axe          |    33 |    74 |    18 |       ||   125
       Battleaxe         |       |       |    96 |   147 ||   243
Invok: Berserk           |     1 |     3 |     6 |     8 ||    18
       Trog's Hand       |       |     1 |     7 |    19 ||    27
 Abil: Evoke Teleportati |       |     1 |     3 |       ||     4
  Use: Scroll            |     3 |     3 |     2 |     2 ||    10
       Potion            |       |       |       |     4 ||     4
 Stab: Sleeping          |     1 |       |       |       ||     1
  Eat: Chunk             |       |     3 |    11 |    14 ||    28
